 Dungeon Crawl Stone Soup version 0.29.1-2-gbd0b4ee654 (webtiles) character file.

Game seed: 6893006430557868597

211 fantasyman the Ducker (level 5, 0/38 HPs)
             Began as a Vampire Gladiator on Nov 13, 2022.
             Slain by a white imp (4 damage)
             ... summoned by Natasha
             ... on level 2 of the Dungeon.
             The game lasted 00:02:06 (1224 turns).

fantasyman the Ducker (Vampire Gladiator)           Turns: 1224, Time: 00:02:06

Health: 0/38       AC:  5    Str: 13    XL:     5   Next: 57%
Magic:  5/5        EV: 15    Int: 11    God:
Gold:   128        SH:  0    Dex: 23    Spells: 4/4 levels left

rFire   . . .      SeeInvis +   a - +0 rapier
rCold   . . .      Faith    .   (no shield)
rNeg    . . .      Spirit   .   b - +0 leather armour
rPois   .          Reflect  .   c - +0 helmet
rElec   .          Harm     .   i - +0 cloak
rCorr   .          Rampage  .   (no gloves)
Will    .....                   (no boots)
Stlth   +++.......              (no amulet)
HPRegen 0.32/turn               j - +6 ring of dexterity
MPRegen 0.09/turn               (no ring)

@: healing quickly, slowed, very slow
A: alive, fangs 3, see invisible, vampiric 2
a: Exsanguinate


You were on level 2 of the Dungeon.
You visited 1 branch of the dungeon, and saw 2 of its levels.

You collected 128 gold pieces.

Inventory:

Hand Weapons
 a - a +0 rapier (weapon)
Missiles
 d - 3 throwing nets (quivered)
 e - a javelin
Armour
 b - a +0 leather armour (worn)
 c - a +0 helmet (worn)
 i - a +0 cloak (worn)
Jewellery
 j - a +6 ring of dexterity (left hand)
 l - an amulet of magic regeneration
Wands
 o - a wand of digging (2)
 s - a wand of mindburst (20)
Scrolls
 f - a scroll of acquirement {unknown}
 g - 3 scrolls of identify {unknown}
 h - a scroll of vulnerability {unknown}
 r - a scroll of poison {unknown}
 u - a scroll of immolation {unknown}
Potions
 k - a potion of curing {unknown}
 m - a potion of flight {unknown}
 n - a potion of berserk rage {unknown}
 p - a potion of magic {unknown}
 q - a potion of degeneration {unknown}
 t - a potion of attraction {unknown}


   Skills:
 + Level 2.2 Fighting
 * Level 4.8 Short Blades
 - Level 1.5 Throwing
 + Level 0.6 Armour
 * Level 4.9 Dodging
 * Level 3.5 Stealth


You had 4 spell levels left.
You didn't know any spells.
Your spell library contained the following spells:

 Spells                   Type           Power      Damage    Failure   Level
 Gell's Gravitas          Tloc           0%         N/A       80%         3
 Lesser Beckoning         Tloc           0%         N/A       80%         3
 Teleport Other           Tloc           0%         N/A       80%         3


Dungeon Overview and Level Annotations

Branches:
Dungeon (2/15)

Altars:

Annotations:
D:2 Natasha


Innate Abilities, Weirdness & Mutations

Your natural rate of healing is accelerated.
You have razor-sharp teeth.
You have supernaturally acute eyesight. (SInv)
You are afflicted with vampirism and can become a bat while bloodless.


Message History

The white imp gestures at you. The puff of frost misses you.
Natasha closely misses you.
You see here a hobgoblin corpse.
You hit Natasha but do no damage. Natasha misses you.
The white imp gestures at you. The puff of frost misses you.
The white imp hits you but does no damage.
You puncture Natasha!
Natasha is heavily wounded.
Natasha casts a spell at you. The magic dart hits you.
The white imp barely misses you.
The white imp hits you but does no damage.
Natasha claws you.
You hit Natasha.
Natasha is severely wounded.
The white imp gestures at you. The puff of frost misses you.
The white imp gestures at you. The puff of frost hits you. Natasha misses you.
You are too injured to fight recklessly!
Natasha attacks as you move away! Natasha completely misses you.
The white imp hits you but does no damage.
The white imp gestures at you. The puff of frost hits you!
* * * LOW HITPOINT WARNING * * *
Natasha mumbles some strange words.
You hit the white imp.
The white imp is lightly wounded.
The white imp misses you. x2
You hit the white imp.
The white imp is moderately wounded.
The white imp disappears in a puff of smoke!
The crimson imp blinks!
The white imp hits you.
* * * LOW HITPOINT WARNING * * *
The white imp freezes you.
* * * LOW HITPOINT WARNING * * *
The white imp hits you.
* * * LOW HITPOINT WARNING * * *
The white imp freezes you.
You die...

# #.#........
. #
#.######...
#.#######
#.......# #
#.#####.# ..
#)# ##.## #.#
...... #.#
#....#
#@####5....#
#.5h§†.....#
####§#.......
#.#.....#.
........#
.###.#.### #.
.. ....
######....
#.# ###.#.##
.........
####.#
...##.#


You could see Natasha and a white imp (summoned).

Vanquished Creatures
  Sigmund (D:2)
  Natasha (D:2)
  A dart slug (D:1)
  4 endoplasms
  2 giant cockroaches
  3 goblins (D:1)
  4 hobgoblins
  4 jackals
  3 kobolds
  A quokka (D:1)
  A ball python (D:1)
  4 bats
  3 frilled lizards (D:1)
32 creatures vanquished.

Notes
Turn   | Place    | Note
-------+----------+-------------------------------------------
     0 | D:1      | fantasyman the Vampire Gladiator began the quest for the
                  | Orb.
     0 | D:1      | Reached XP level 1. HP: 16/16 MP: 1/1
   184 | D:1      | Reached XP level 2. HP: 22/22 MP: 2/2
   301 | D:1      | Reached skill level 1 in Stealth
   924 | D:2      | Noticed Sigmund
   937 | D:2      | Gained mutation: You are afflicted with vampirism and can
                  | become a bat while bloodless. [Vampire growth]
   937 | D:2      | Reached XP level 3. HP: 27/27 MP: 3/3
   953 | D:2      | Killed Sigmund
   954 | D:2      | Reached XP level 4. HP: 28/33 MP: 4/4
   954 | D:2      | Reached XP level 5. HP: 32/38 MP: 5/5
  1021 | D:2      | Noticed Natasha
  1030 | D:2      | Killed Natasha
  1165 | D:2      | Found a faded altar of an unknown god.
  1210 | D:2      | Noticed Natasha
  1224 | D:2      | Slain by a white imp

Illustrated notes

Levels and vault maps discovered:
D:1:      dpeg_arrival_simpleton_b, layout_loops_corners,
          chequers_serial_rivers_micro_b
D:2:      layout_loops_ring, shapermc_ecumenical_altar_mp_urbaneastern,
          serial_shops, shop_statue, uniq_sigmund, uniq_natasha

Skill      XL: |  1  2  3 |
---------------+----------+-----
Stealth        | 1 3 |  3.5
Fighting       | 2 |  2.2
Dodging        | 4 |  4.9
Short Blades   | 4 |  4.8
Throwing       | |  1.5
Armour         | |  0.6

Action                   |  1- 3 |  4- 6 || total
-------------------------+-------+-------++-------
Melee: Rapier            |    70 |    24 ||    94
       Bite              |     8 |     2 ||    10
       Punch             |     1 |       ||     1
 Stab: Sleeping          |     3 |     1 ||     4
Armor: Leather armour    |    19 |     7 ||    26
Dodge: Dodged            |    49 |    27 ||    76
